 Dungeon Crawl Stone Soup version 0.23-a0-296-ga3b1b28 (webtiles) character file.

54 iamserjio the Sneak (level 3, -11/21 HPs)
             Began as an Octopode Enchanter on Oct 5, 2018.
             Killed by nerve-wracking pain
             ... invoked by an orc priest
              (12 damage)
             ... on level 3 of the Dungeon.
             The game lasted 00:04:07 (443 turns).

iamserjio the Sneak (Octopode Enchanter)             Turns: 443, Time: 00:04:08

Health: -11/21     AC:  1    Str:  7    XL:     3   Next: 91%
Magic:  3/6        EV: 13    Int: 18    God:
Gold:   41         SH:  0    Dex: 12    Spells: 3/6 levels left

rFire    . . .     SeeInvis .   a - +1 dagger
rCold    . . .     Gourm    .   (no shield)
rNeg     . . .     Faith    .   (helmet restricted)
rPois    .         Spirit   .   b - amulet of regeneration
rElec    .         Reflect  .   (no ring)
rCorr    .         Harm     .   (no ring)
MR       .....                  (no ring)
Stlth    +++.......             (no ring)
HPRegen  0.47/turn              (no ring)
MPRegen  0.10/turn              (no ring)
                                (no ring)
                                (no ring)

@: hasted, very quick
A: almost no armour, stealthy swim, amphibious, 8 rings, constrict 8, camouflage
1, gelatinous body 1
a: no special abilities


You were on level 3 of the Dungeon.
You were not hungry.

You visited 1 branch of the dungeon, and saw 3 of its levels.

You collected 41 gold pieces.

Inventory:

Hand Weapons
 a - a +1 dagger (weapon)
 e - a +0 hunting sling
 k - a +0 hunting sling
Missiles
 j - 32 stones (quivered)
Jewellery
 b - an amulet of regeneration (around mantle)
 i - an uncursed amulet of rage
Scrolls
 d - a scroll of identify {@r1}
Comestibles
 c - 2 rations


   Skills:
 - Level 3.0 Short Blades
 - Level 2.0 Dodging
 - Level 4.0 Stealth
 - Level 2.0 Spellcasting
 - Level 3.0 Hexes
 + Level 1.8 Ice Magic


You had 3 spell levels left.
You knew the following spells:

 Your Spells              Type           Power        Failure   Level  Hunger
a - Corona                Hex            ##.....      5%          1    #......
b - Ensorcelled Hibernat  Hex/Ice        ##....       11%         2    ###....

Your spell library contained the following spells:

 Spells                   Type           Power        Failure   Level  Hunger
 Confuse                  Hex            ##......     16%         3    ###....
 Tukima's Dance           Hex            ##......     16%         3    ###....
 Dazzling Spray           Conj/Hex       #.....       28%         3    ###....


Dungeon Overview and Level Annotations

Branches:
Dungeon (3/15)

Altars:


Innate Abilities, Weirdness & Mutations

You cannot wear most types of armour.
You are very stealthy in the water. (Stealth+)
You are amphibious.
You can wear up to eight rings at the same time.
You can use your tentacles to constrict eight enemies at once.
Your skin changes colour to match your surroundings (Stealth+).
Your rubbery body absorbs attacks. (AC +1, EV +1)


Message History

You barely miss the orc priest. You constrict the orc priest.
The orc priest hits you with a club.
* * * LOW HITPOINT WARNING * * *
You hit the orc priest but do no damage.
You constrict the orc priest, but do no damage.
As you read the scroll labeled USU XYTHRAMNAFA, it crumbles to dust.
You feel blessed for a moment.
It was a scroll of remove curse.
You constrict the orc priest, but do no damage.
The orc priest hits you with a club.
* * * LOW HITPOINT WARNING * * *
As you read the scroll labeled VITUIT PEKOAMI, it crumbles to dust.
It is a scroll of identify.
i - an uncursed amulet of rage You constrict the orc priest.
You hit the orc priest but do no damage.
You constrict the orc priest.
The orc priest mumbles some strange prayers to Beogh against you.
Pain shoots through your body!
Ouch! That really hurt!
You die... #.........# +.........+ ......... ....... ..... oo.

#o# #@# ###
#.# ...
###.###.#
#..w....#
#####.....###
.........##
######.## #.#
#.#


You could see a worm, 2 orc priests and an orc.

Vanquished Creatures
  Robin (D:2)
  An adder (D:2)
  A worm (D:2)
  A ball python (D:3)
  7 bats
  A giant cockroach (D:2)
  6 hobgoblins
  3 jackals (D:1)
  8 goblins
29 creatures vanquished.

Notes
Turn   | Place    | Note
-------+----------+-------------------------------------------
     0 | D:1      | iamserjio the Octopode Enchanter began the quest for the
                  | Orb.
     0 | D:1      | Reached XP level 1. HP: 11/11 MP: 3/3
   114 | D:2      | Noticed Robin
   136 | D:2      | Reached XP level 2. HP: 17/17 MP: 5/5
   144 | D:2      | Learned a level 2 spell: Ensorcelled Hibernation
   182 | D:2      | Killed Robin
   182 | D:2      | Reached skill level 1 in Ice Magic
   182 | D:2      | Reached XP level 3. HP: 21/21 MP: 3/6
   441 | D:3      | HP: 1/21 [orc priest/club (3)]
   443 | D:3      | Killed from afar by an orc priest

Vault maps used:
D:1:      lightli_arrival_isolated_outpost
D:2:      kiku_gazebo_pond_becter, uniq_robin
D:3:      minivault_4, uniq_terence, uniq_ijyb

Skill      XL: |  1  2  3 |
---------------+----------+-----
Short Blades   | 2 3 |  3.0
Ice Magic      | 1 |  1.8
Dodging        | |  2.0
Stealth        | |  4.0
Spellcasting   | |  2.0
Hexes          | |  3.0

Action                   || total
-------------------------++-------
Melee: Dagger            ||    59
       Constrict         ||    11
       Tentacles         ||     9
 Cast: Ensorcelled Hiber ||     8
  Use: Potion            ||     3
       Scroll            ||     2
 Stab: Sleeping          ||     8
Armor: Skin              ||     6
Dodge: Dodged            ||    35

Table legend:
 A = Non-vault XP
 B = Vault XP
 C = Vault XP percentage of total XP
 D = Non-vault monster count
 E = Vault monster count
 F = Vault count percentage of total count
                 A         B        C        D         E       F
            +---------+---------+-------+---------+---------+-------
      Total |      45 |      33 |  42.3 |      17 |      12 |  41.4
            +---------+---------+-------+---------+---------+-------
        D:1 |      11 |       0 |   0.0 |       6 |       0 |   0.0
        D:2 |      30 |      33 |  52.4 |       9 |      12 |  57.1
        D:3 |       4 |       0 |   0.0 |       2 |       0 |   0.0
            +---------+---------+-------+---------+---------+-------
